 Dungeon Crawl Stone Soup version 0.30.0-17-ge0270778cf (webtiles) character file.

Game seed: 5146803157441611356

11 RascalDebosk the Magician (level 2, 0/23 HPs)
             Began as a Djinni Warper on May 21, 2023.
             Slain by a rat (1 damage)
             ... on level 1 of the Dungeon.
             The game lasted 00:02:03 (408 turns).

RascalDebosk the Magician (Djinni Warper)            Turns: 408, Time: 00:02:03

Health: 0/23       AC:  3    Str: 10    XL:     2   Next: 40%
Gold:   38         EV: 11    Int: 14    God:
                   SH:  0    Dex: 12

rFire   + + .        a - +0 falchion
rCold   x . .        (no shield)
rNeg    . . .        b - +0 leather armour
rPois   ∞            (no helmet)
rElec   .            (no cloak)
rCorr   .            (no gloves)
SInv    .            (boots unavailable)
Will    .....        (no amulet)
Stlth   +            (no ring)
HPRegen 0.23/turn    (no ring)
MPRegen 0.00/turn

%: infuse magic (-1 HP)
@: flying
A: sickness immunity, fire resistance 2, cold vulnerability 1, float, innate
caster, HP casting, extra vitality 1
a: no special abilities


You were on level 1 of the Dungeon.
You visited 1 branch of the dungeon, and saw 1 of its levels.

You collected 38 gold pieces.

Inventory:

Hand Weapons
 a - a +0 falchion (weapon)
Missiles
 d - 7 boomerangs of dispersal (quivered)
Armour
 b - a +0 leather armour (worn)
Scrolls
 f - a scroll of enchant armour {unknown}
 g - a scroll of blinking
 i - a scroll of enchant weapon {unknown}
 j - a scroll of magic mapping {unknown}
Potions
 c - a potion of ambrosia {unknown}
 e - a potion of curing {unknown}
 h - a potion of degeneration {unknown}


   Skills:
 - Level 2.0 Fighting
 - Level 1.7 Long Blades
 - Level 0.7 Throwing
 - Level 1.0 Armour
 - Level 2.1 Dodging
 * Level 2.9 Spellcasting


You knew the following spells:

 Your Spells              Type           Power      Damage    Failure   Level
a - Blink                 Tloc           20%        N/A       13%         2
b - Lesser Beckoning      Tloc           20%        N/A       13%         2
c - Vhi's Electric Charg  Tloc/Air       20%        N/A       26%         3
d - Teleport Other        Tloc           10%        N/A       26%         3
e - Manifold Assault      Tloc           10%        N/A       65%         4
Your spell library was empty.

Dungeon Overview and Level Annotations

Branches:
Dungeon (1/15)

Altars:


Innate Abilities, Weirdness & Mutations

You are immune to sickness and miasma.
You are immune to poison.
Your flesh is very heat resistant. (rF++)
You are vulnerable to cold. (rC-)
You float through the air rather than walking.
You learn spells naturally, not from books.
Your magical power is your life essence.
You have superior vitality. (+4 MHP)


Message History

You barely miss the rat. The rat barely misses you.
You slash the rat!
You kill the rat!
You see here a rat corpse.
You now have 27 gold pieces (gained 8).
Found a robe.
You see here a +0 robe.
Found a short sword.
You now have 38 gold pieces (gained 11).
No target in view!
Found 4 stones.
h - a bubbling silvery potion
i - a scroll labelled FYMAMA DIPE
j - a scroll labelled MERUTAYC LERI You reach down and open the door.
There is an open door here.
A jackal comes into view.
A jackal comes into view.
The jackal barks! x2
A rat comes into view.
A jackal comes into view.
You closely miss the jackal. The jackal misses you.
The jackal bites you but does no damage.
You miss the jackal.
The jackal bites you but does no damage.
The jackal completely misses you. The jackal bites you. The jackal bites you.
There is an open door here.
The jackal bites you but does no damage.
You hit the jackal.
The jackal is almost dead.
You hit the jackal.
The jackal is severely wounded.
The jackal bites you. The jackal closely misses you.
The jackal barely misses you.
You hit the jackal but do no damage.
The jackal is almost dead.
The jackal misses you. The jackal bites you. x2
The jackal bites you but does no damage.
You hit the jackal.
You kill the jackal!
The jackal bites you. The jackal barely misses you. The jackal bites you.
You miss the jackal.
The jackal is severely wounded.
The jackal bites you but does no damage.
The jackal bites you.
* * * LOW HITPOINT WARNING * * *
The jackal bites you.
* * * LOW HITPOINT WARNING * * *
The jackal bites you but does no damage.
You hit the jackal but do no damage.
The jackal is severely wounded.
The jackal bites you.
* * * LOW HITPOINT WARNING * * *
The jackal barely misses you. The jackal bites you.
* * * LOW HITPOINT WARNING * * *
The jackal misses you.
Cast which spell? (? or * to list)
Aiming: Lesser Beckoning (safe; 13% risk of failure)
Press: ? - help, Shift-Dir - straight line, f - rat
Aim: a rat (100% to hit)
Okay, then.
Casting: Lesser Beckoning (safe; 13% risk of failure)
Confirm with . or Enter, or press ? or * to list all spells.
You miscast Blink.
You are very lightly contaminated with residual magic.
Nothing appears to happen.
* * * LOW HITPOINT WARNING * * *
The jackal bites you.
* * * LOW HITPOINT WARNING * * *
The jackal barely misses you.
Casting: Blink (safe; 13% risk of failure)
Confirm with . or Enter, or press ? or * to list all spells.
You blink.
* * * LOW HITPOINT WARNING * * *
The jackal attacks as you move away!
The jackal bites you but does no damage.
You feel stable enough to blink again.
You hit the jackal.
The jackal is almost dead.
The jackal closely misses you. x2
Your magical contamination has completely faded away.
You hit the jackal.
You kill the jackal!
The jackal bites you.
* * * LOW HITPOINT WARNING * * *
You hit the jackal.
The jackal is almost dead.
The jackal closely misses you. The rat barely misses you. The jackal bites you.
* * * LOW HITPOINT WARNING * * *
You barely miss the jackal.
The jackal is almost dead.
The jackal barely misses you. The rat closely misses you.
The jackal closely misses you.
Unknown command.
You hit the jackal but do no damage.
The jackal is almost dead.
The rat bites you but does no damage. The jackal bites you.
* * * LOW HITPOINT WARNING * * *
The rat bites you.
You die...

#........'§...#.##### ##
#........#....#..#..#
#........#....#<...#
#........####.############
##........####.#
#.........
................#
#.#####...
###.............###.# #...
###......rh.......# #...
#......@....##### #...
#######.....# #... #.(...#
#... #.....# ###. #####.#
##. #.# ##.. ..# ##...
#...P #..P♣


You could see a jackal and a rat.

Vanquished Creatures
  An endoplasm (D:1)
  3 hobgoblins (D:1)
  2 jackals (D:1)
  2 kobolds (D:1)
  A rat (D:1)
9 creatures vanquished.

Notes
Turn   | Place    | Note
-------+----------+-------------------------------------------
     0 | D:1      | RascalDebosk the Djinni Warper began the quest for the Orb.
     0 | D:1      | RascalDebosk set off with the following spells memorised:
                  | Blink, Lesser Beckoning, Vhi's Electric Charge, Teleport
                  | Other, Manifold Assault.
     0 | D:1      | Reached XP level 1. HP: 18/18 MP: 0/0
   159 | D:1      | Reached XP level 2. HP: 23/23 MP: 0/0
   408 | D:1      | HP: 1/23 [jackal (3)]
   408 | D:1      | Slain by a rat

Illustrated notes

Levels and vault maps discovered:
D:1:      dpeg_arrival_brainrot, layout_basic, serial_forest,
          infiniplex_forest_corner_1, infiniplex_forest_side_room,
          infiniplex_forest_clump_long, infiniplex_forest_lined_1,
          infiniplex_forest_clump_curved, infiniplex_forest_side_room,
          infiniplex_forest_clump_diagonal

Action                     || total
---------------------------++-------
  Melee: Falchion          ||    44
   Cast: Blink             ||     1
 Armour: Leather armour    ||    13
  Dodge: Dodged            ||    36
